 Dungeon Crawl Stone Soup version 0.23.0 (webtiles) character file.

Game seed: 15355419452342577268

216 McKennaii the Shield-Bearer (level 5, -9/34 HPs)
             Began as a Gargoyle Fighter on Feb 8, 2019.
             Killed by divine providence
             ... invoked by an orc priest
              (10 damage)
             ... on level 3 of the Dungeon.
             The game lasted 00:06:10 (2896 turns).

McKennaii the Shield-Bearer (Gargoyle Fighter)      Turns: 2896, Time: 00:06:10

Health: -9/34      AC: 14    Str: 20    XL:     5   Next: 93%
Magic:  5/5        EV:  5    Int:  9    God:
Gold:   131        SH:  9    Dex:  9    Spells: 4/4 levels left

rFire    . . .     SeeInvis .   a - +0 flail
rCold    . . .     Gourm    .   c - +0 shield
rNeg     + . .     Faith    .   s - +0 chain mail
rPois    ∞         Spirit   .   e - +0 helmet
rElec    +         Reflect  .   (no cloak)
rCorr    .         Harm     .   (no gloves)
MR       .....                  (no boots)
Stlth    ..........             (no amulet)
HPRegen  0.11/turn              (no ring)
MPRegen  0.09/turn              (no ring)

@: no status effects
A: negative energy resistance 1, electricity resistance, unbreathing,
petrification resistance, rot immunity, AC +4
a: no special abilities


You were on level 3 of the Dungeon.
You were very hungry.

You visited 1 branch of the dungeon, and saw 4 of its levels.

You collected 131 gold pieces.

Inventory:

Hand Weapons
 a - a +0 flail (weapon)
Armour
 c - a +0 shield (worn)
 e - a +0 helmet (worn)
 s - a +0 chain mail (worn)
Jewellery
 m - a cursed amulet of inaccuracy {unknown}
Wands
 q - a wand of random effects (29)
 r - a wand of polymorph (7)
Scrolls
 j - 3 scrolls of remove curse {unknown}
 l - 5 scrolls of identify {unknown}
 n - a scroll of blinking {unknown}
 o - a scroll of amnesia {unknown}
 p - a scroll of enchant weapon {unknown}
 t - 2 scrolls of magic mapping {unknown}
Potions
 b - a potion of haste {unknown}
 d - 3 potions of might
 g - a potion of mutation {unknown}
 h - a potion of cancellation {unknown}
 i - a potion of magic {unknown}
 k - a potion of curing {unknown}
Comestibles
 f - 11 rations


   Skills:
 + Level 4.4 Fighting
 + Level 3.2 Maces & Flails
 + Level 4.1 Armour
 + Level 1.0 Dodging
 + Level 0.6 Stealth
 + Level 4.6 Shields


You had 4 spell levels left.
You didn't know any spells.
Your spell library was empty.

Dungeon Overview and Level Annotations

Branches:
Dungeon (4/15)
 Temple: D:4-7

Altars:
Okawaru
Uskayaw


Innate Abilities, Weirdness & Mutations

You are resistant to torment.
Your stone body is resilient. (AC +4)
You are immune to poison.
You resist negative energy. (rN+)
You are resistant to electric shocks. (rElec)
You can survive without breathing.
You are immune to petrification.
You are immune to rotting.


Message History

Unknown command.
Your shield and chain mail prevent you from hitting the orc priest.
The orc priest is almost dead.
You block the orc priest's attack. The orc barely misses you.
Unknown command.
You barely miss the orc priest.
The orc priest is almost dead.
The orc priest barely misses you. The orc hits you but does no damage.
The orc priest miscasts a cantrip.
Unknown command.
Your chain mail prevents you from hitting the orc priest.
The orc priest is almost dead.
You block the orc's attack. You block the orc priest's attack.
Unknown command.
You completely miss the orc priest.
The orc priest is almost dead.
The orc hits you but does no damage.
The orc priest invokes the aid of Beogh against you.
Beogh smites you!
You die...

.......#####..........#.#.#
######.............#..#.#.#
#########)....#..#.#.#
#.............#..#.#.#
#.######......#....#.# #.#
#.#....##...#.# ##.#
#.#..####.....# #..# #...o#
#.....# ##.## ####@#
#.....# #..# #o####.....#
#### #..........#
##########..........#######
#.................#........
#.#############.####.#####.
#.# #.####.#####. #.#
#.#....##.... #.######
#.#.#####.##.


You could see an orc priest and an orc.

Vanquished Creatures
  An orc priest (D:3)
  5 adders
  4 gnolls
  An ooze (D:1)
  2 worms
  2 dart slugs (D:1)
  2 leopard geckos
  3 orcs
  5 bats
  17 giant cockroaches
  9 goblins
  3 hobgoblins
  3 quokkas
  8 ball pythons
  6 frilled lizards
  6 kobolds
  9 rats
86 creatures vanquished.

Notes
Turn   | Place    | Note
-------+----------+-------------------------------------------
     0 | D:1      | McKennaii the Gargoyle Fighter began the quest for the Orb.
     0 | D:1      | Reached XP level 1. HP: 14/14 MP: 1/1
    55 | D:1      | Reached XP level 2. HP: 11/19 MP: 2/2
   344 | D:1      | Reached XP level 3. HP: 20/24 MP: 3/3
  1288 | D:2      | Reached XP level 4. HP: 29/29 MP: 4/4
  1391 | D:2      | Found an iron altar of Okawaru.
  1746 | D:3      | Reached XP level 5. HP: 19/33 MP: 5/5
  1884 | D:3      | Found a hide-covered altar of Uskayaw.
  1931 | D:3      | Noticed a +0 hand axe
  1931 | D:3      | Noticed a +0 hand axe
  2075 | D:3      | Reached skill level 1 in Dodging
  2891 | D:3      | HP: 1/34 [orc priest/divine providence (11)]
  2896 | D:3      | Killed from afar by an orc priest

Skill      XL: |  1  2  3  4  5 |
---------------+----------------+-----
Shields        | 4 |  4.6
Armour         | 4 |  4.1
Maces & Flails | 3 |  3.2
Fighting       | 4 |  4.4
Dodging        | 1 |  1.0
Stealth        | |  0.6

Action                   |  1- 3 |  4- 6 || total
-------------------------+-------+-------++-------
Melee: Flail             |   118 |   303 ||   421
  Eat: Chunk             |     1 |     5 ||     6
Armor: Scale mail        |    75 |   216 ||   291
       Chain mail        |       |    41 ||    41
Dodge: Dodged            |    37 |   128 ||   165
Block: Shield            |    76 |   205 ||   281
